 Dungeon Crawl Stone Soup version 0.31.0-12-g77e489cdc1 (webtiles) character file.

Game seed: 4928653237191002443

671 Logoto the Trooper (level 7, 0/61 HPs)
             Began as a Hill Orc Berserker on Mar 4, 2024.
             Was a Believer of Trog.
             Slain by an ogre
             ... wielding a +0 giant spiked club
              (19 damage)
             ... on level 5 of the Dungeon.
             The game lasted 00:10:36 (3777 turns).

Logoto the Trooper (Hill Orc Berserker)             Turns: 3777, Time: 00:10:37

Health: 0/61       AC:  7    Str: 22    XL:     7   Next: 58%
Magic:  7/7        EV: 10    Int:  7    God:    Trog [**....]
Gold:   199        SH:  5    Dex: 10    Spells: 6/6 levels left

rFire   . . .        i - +2 whip (venom)
rCold   . . .        (no shield)
rNeg    . . .        x - +0 scale mail
rPois   .            (no helmet)
rElec   .            (no cloak)
rCorr   +            (no gloves)
SInv    .            (no boots)
Will    .....        p - amulet of reflection Stlth
                     q - +4 ring of slaying
HPRegen 0.30/turn    n - ring of resist corrosion
MPRegen 0.10/turn

%: reflection
@: on berserk cooldown
A: no striking features
a: Renounce Religion, Berserk, Trog's Hand


You were on level 5 of the Dungeon.
You worshipped Trog.
Trog was pleased with you.
You visited 1 branch of the dungeon, and saw 5 of its levels.

You collected 199 gold pieces.

Inventory:

Hand Weapons
 a - a +0 hand axe
 i - a +2 whip of venom (weapon)
Armour
 r - a +0 ring mail
 x - a +0 scale mail (worn)
Jewellery
 n - a ring of resist corrosion (right hand)
 p - an amulet of reflection (around neck)
 q - a +4 ring of slaying (left hand)
Scrolls
 b - a scroll of noise {unknown}
 e - a scroll of teleportation {unknown}
 f - 2 scrolls of fog {unknown}
 h - a scroll of silence {unknown}
 k - a scroll of poison {unknown}
 s - a scroll of revelation {unknown}
 t - a scroll of identify {unknown}
 u - 2 scrolls of enchant armour {unknown}
 w - a scroll of butterflies {unknown}
Potions
 c - a potion of ambrosia {unknown}
 d - a potion of brilliance {unknown}
 g - a potion of invisibility {unknown}
 j - a potion of curing {unknown}
 l - a potion of enlightenment {unknown}
 m - a potion of heal wounds {unknown}
 o - a potion of lignification {unknown}
 v - a potion of magic {unknown}


   Skills:
 + Level 5.4 Fighting
 + Level 0.2 Short Blades
 + Level 5.3(6.3) Axes
 + Level 4.2(5.1) Maces & Flails
 + Level 4.6 Armour
 + Level 2.7 Dodging
 + Level 1.0 Stealth
 + Level 1.7 Shields


You had 6 spell levels left.
You didn't know any spells.
Your spell library was empty.

Dungeon Overview and Level Annotations

Branches:
Dungeon (5/15)             Temple (0/1) D:4

Altars:
Hepliaklqana
Sif Muna
Uskayaw

Shops:
D:5 :


Message History

You kill the dart slug!
Trog accepts your kill.
You see here a dart slug corpse.
You feel a strong urge to attack something.
You are no longer berserk.
You are exhausted.
You feel yourself slow down.
You start resting.
A bullfrog comes into view.
A bullfrog is nearby!
The bullfrog gives a loud, deep croak!
The bullfrog hits you.
You closely miss the bullfrog. The bullfrog closely misses you.
The bullfrog hits you.
You closely miss the bullfrog. The bullfrog closely misses you.
The bullfrog barely misses you.
You hit the bullfrog.
The bullfrog is poisoned.
The bullfrog is moderately wounded.
The bullfrog closely misses you. x2
You whack the bullfrog!
The bullfrog is severely wounded.
The bullfrog hits you but does no damage.
You barely miss the bullfrog.
The bullfrog is severely wounded.
The bullfrog hits you. x2
You hit the bullfrog.
The bullfrog looks as sick as possible!
The bullfrog is severely wounded.
You kill the bullfrog!
Trog accepts your kill.
An ogre comes into view. It is wielding a +0 giant spiked club.
The ogre shouts!
An ogre is nearby!
The ogre attacks as it pursues you!
The ogre hits you with a +0 giant spiked club!!
* * * LOW HITPOINT WARNING * * *
You hit the ogre.
The ogre is moderately wounded.
You feel yourself speed up.
The ogre hits you with a +0 giant spiked club!!
You die...

)..........#
#..........#
#.......##
#.......#
##...†.## ###.###
#..# #O.# #@## #.#
##.######
##.......##
##..∩.......
####........##.
#####..........##
###.............##
#
#...............#


You could see an ogre.

Vanquished Creatures
  An ice beast (D:5)
  An ogre (D:4)
  A bullfrog (D:5)
  A scorpion (D:4)
  2 orc priests
  A bombardier beetle (D:5)
  2 sleepcaps
  An iguana (D:5)
  2 orc wizards
  A river rat (D:4)
  5 adders
  2 dart slugs (D:5)
  3 ribbon worms
  9 orcs
  4 endoplasms
  3 giant cockroaches
  3 goblins
  10 hobgoblins
  8 jackals
  4 quokkas
  3 ball pythons
  5 bats
  2 frilled lizards
  12 kobolds
  5 rats
91 creatures vanquished.

Notes
Turn   | Place    | Note
-------+----------+-------------------------------------------
     0 | D:1      | Logoto the Hill Orc Berserker began the quest for the Orb.
     0 | D:1      | Reached XP level 1. HP: 19/19 MP: 1/1
    38 | D:1      | Found a faded altar of an unknown god.
   100 | D:1      | Reached XP level 2. HP: 27/27 MP: 2/2
   536 | D:1      | Reached XP level 3. HP: 33/33 MP: 3/3
   654 | D:2      | Reached ** piety under Trog
  1051 | D:2      | Reached XP level 4. HP: 41/41 MP: 4/4
  1274 | D:3      | Reached skill level 1 in Maces & Flails
  1411 | D:3      | Reached skill level 5 in Axes
  1602 | D:3      | Found a hazy altar of Hepliaklqana.
  1754 | D:4      | Reached XP level 5. HP: 28/47 MP: 5/5
  1852 | D:4      | Found a staircase to the Ecumenical Temple.
  1868 | D:4      | Reached skill level 5 in Fighting
  2002 | D:4      | Reached XP level 6. HP: 33/56 MP: 6/6
  2196 | D:4      | Reached skill level 1 in Stealth
  2196 | D:4      | Reached skill level 1 in Shields
  2679 | D:4      | Found a shimmering blue altar of Sif Muna.
  2732 | D:4      | Found a hide-covered altar of Uskayaw.
  3305 | D:5      | Entered Level 5 of the Dungeon
  3432 | D:5      | Reached XP level 7. HP: 56/61 MP: 7/7
  3724 | D:5      | Found Etodofan's Book Shop.
  3777 | D:5      | Slain by an ogre

Illustrated notes

Levels and vault maps discovered:
D:1:      wander_arrival_peaceful_grave, layout_rooms,
          shapermc_ecumenical_altar_petra
D:2:      layout_rooms, st_stairs_6, minmay_misc_feat_roman
D:3:      layout_rooms, worldfamousw_hep_ancestral_shrine,
          kennysheep_another_room
D:4:      layout_layer_cave, amcnicky_altar_gilded, lemuel_blue_sif_altar,
          temple_statues, gup_sewer_entry_bubbles
D:5:      cheibrodos_two_vegetables, layout_cave_pods, serial_shops, shop

Skill      XL: |  1  2  3  4  5  6  7 |
---------------+----------------------+-----
Fighting       | 4 5 |  5.4
Maces & Flails | 1 2 3 4 |  4.2
Dodging        | 2 |  2.7
Axes           | 5 |  5.3
Armour         | 3 4 |  4.6
Stealth        | 1 |  1.0
Shields        | 1 |  1.7
Short Blades   | |  0.2

Action                     |  1- 3 |  4- 6 |  7- 9 || total
---------------------------+-------+-------+-------++-------
  Melee: Hand axe          |    45 |       |       ||    45
         Dagger            |    11 |       |       ||    11
         Punch             |     1 |     1 |     2 ||     4
         Whip              |    29 |   118 |    27 ||   174
 Invoke: Berserk           |     5 |     7 |     2 ||    14
 Armour: Animal skin       |    16 |       |       ||    16
         Leather armour    |    42 |    18 |       ||    60
         Ring mail         |       |    29 |       ||    29
         Scale mail        |       |     1 |    45 ||    46
  Dodge: Dodged            |    54 |    52 |    13 ||   119
  Block: Other             |       |    17 |    10 ||    27
         Reflection        |       |     1 |     1 ||     2
